cohdb
Replays
Latest Replays
All Replays
Popular Replays
Top Player Replays
Match Explorer
How It Works
Community
CoH3 Stats
Reddit
Sign in to upload your games and track your stats! →
Sign in with Steam
Match 47068632
Unlisted
Match 47068632
Overview
Messages
Build Orders
End
Construct Section Command Post
Vickers Machine Gun Team
Vickers Machine Gun Team
Infantry Section
Grenade Package
Selects Canadian Shock Battlegroup
Infantry Section
Construct Platoon Command Post
Selects Offensive Resupply
Selects Canadian Shock Section
Canadian Shock Section
CMP 15cwt Truck
Canadian Shock Section
6-pounder Anti-tank Gun Team
Selects Incendiary Munitions
Selects Pyrotechnics
Construct Company Command Post
Selects Point Assault
Unlock M3 Grant Medium Tanks
M3 Grant Medium Tank
Armored Vehicle Training
Selects Churchill Crocodile Heavy Tank
Construct Field Infirmary
Shingles
Gunshy
Aiina
WatchMy6Bro
0
0
Comments
sign in to comment!
No comments posted yet!